 Dungeon Crawl Stone Soup version 0.26.1-11-gd32895ea62 (webtiles) character file.

Game seed: 18316394844583584177

57 vvl the Ruffian (level 3, -7/29 HPs)
             Began as a Draconian Transmuter on July 16, 2021.
             Killed by divine providence
             ... invoked by an orc priest
              (16 damage)
             ... on level 3 of the Dungeon.
             The game lasted 00:05:04 (2934 turns).

vvl the Ruffian (Draconian Transmuter)              Turns: 2934, Time: 00:05:06

Health: -7/29      AC:  5    Str: 12 (13) XL:     3   Next: 73%
Magic:  6/6        EV: 11    Int: 12 (13) God:
Gold:   198        SH:  3    Dex: 10 (11) Spells: 5/6 levels left

rFire    . . .     SeeInvis .   h - +0 short sword (venom)
rCold    + + .     Faith    .   d - +0 buckler
rNeg     . . .     Spirit   .   (armour unavailable)
rPois    .         Reflect  .   (helmet restricted)
rElec    .         Harm     .   g - scarf {rC+ rF+}
rCorr    +         Rampage  .   (no gloves)
Will     .....                  (no boots)
Stlth    +.........             (no amulet)
HPRegen  0.09/turn              c - ring of resist corrosion
MPRegen  0.10/turn              e - ring of ice

@: brilliant
A: unfitting armour, cold-blooded, AC +5
a: no special abilities


You were on level 3 of the Dungeon.
You visited 1 branch of the dungeon, and saw 3 of its levels.

You collected 198 gold pieces.

Inventory:

Hand Weapons
 h - a +0 short sword of venom (weapon)
Armour
 d - a +0 buckler (worn)
 g - a scarf of resistance (worn)
Jewellery
 c - a ring of resist corrosion (left hand)
 e - a ring of ice (right hand)
Scrolls
 a - a scroll of random uselessness {unknown}
 b - a scroll of identify {unknown}
 f - a scroll of enchant armour {unknown}
Potions
 i - a potion of brilliance
 j - a potion of mutation {unknown}


   Skills:
 + Level 1.7 Fighting
 - Level 2.0 Dodging
 + Level 1.0 Shields
 * Level 3.5 Unarmed Combat
 + Level 2.2 Spellcasting
 * Level 2.6 Transmutations


You had 5 spell levels left.
You knew the following spells:

 Your Spells              Type           Power        Failure   Level
a - Beastly Appendage     Tmut           22%          13%         1

Your spell library contained the following spells:

 Spells                   Type           Power        Failure   Level
 Wereblood                Tmut           11%          21%         2
 Spider Form              Tmut/Pois      3%           56%         3
 Ice Form                 Ice/Tmut       10%          92%         4
 Blade Hands              Tmut           5%           98%         5


Dungeon Overview and Level Annotations

Branches:
Dungeon (3/15)

Altars:
Fedhas
Zin

Annotations:
D:3 Terence


Innate Abilities, Weirdness & Mutations

Your plain brown scales are hard. (AC +5)
You cannot fit into any form of body armour.
You are cold-blooded and may be slowed by cold attacks.


Message History

The bat hits you but does no damage. You block the orc's attack.
The bat misses you. The bat closely misses you.
You hit the orc.
The orc is heavily wounded.
The orc hits you with a +0 short sword.
The quokka bites you but does no damage.
You kill the orc!
The bat hits you but does no damage. The bat barely misses you.
The bat hits you but does no damage. The bat closely misses you.
You block the bat's attack. The bat hits you but does no damage.
The quokka bites you.
It was a potion of brilliance.
You feel clever all of a sudden. You block the bat's attack.
You block the quokka's attack.
The orc priest mumbles some strange prayers to Beogh against you.
Beogh smites you!
Ouch! That really hurt!
You die...

........#....... ......
........#....... .....
........######..
#....########## #..
#............########.
#.................###.
#...................#.
#................†.##
#...@@.............##
###...ro.b..o......o...
#..........##.......#o..
#..........o)..o....#...
#....###............#.r.
#...................#...
#.........♣≈♣≈......#...
#..........≈≈P..........
.........≈≈P..P.......


You could see Terence, an orc priest, 2 orcs, a quokka and a bat.

Vanquished Creatures
  An adder (D:2)
  An ooze (D:1)
  A worm (D:2)
  A dart slug (D:2)
  A leopard gecko (D:1)
  An orc (D:3)
  3 giant cockroaches
  6 hobgoblins
  2 quokkas (D:2)
  3 bats
  A frilled lizard (D:1)
  10 kobolds
  6 rats
37 creatures vanquished.

Vanquished Creatures (others)
  3 plants (D:3)
3 creatures vanquished.

Grand Total: 40 creatures vanquished

Notes
Turn   | Place    | Note
-------+----------+-------------------------------------------
     0 | D:1      | vvl the Draconian Transmuter began the quest for the Orb.
     0 | D:1      | Reached XP level 1. HP: 16/16 MP: 3/3
   248 | D:1      | Reached XP level 2. HP: 17/23 MP: 5/5
  1542 | D:1      | HP: 1/34 [poisoned by a kobold]
  1915 | D:2      | Reached XP level 3. HP: 23/28 MP: 6/6
  2537 | D:2      | Found a glowing silver altar of Zin.
  2680 | D:2      | Found a blossoming altar of Fedhas.
  2872 | D:3      | Reached skill level 1 in Shields
  2889 | D:3      | Noticed Terence
  2934 | D:3      | Killed from afar by an orc priest

Illustrated notes

Levels and vault maps discovered:
D:1:      co_arrival_square_in_a_square_in_a_square, layout_loops_ring
D:2:      layout_rooms, zin_scriptorium, fedhas_altar_4
D:3:      layout_basic, serial_bayou, serial_bayou_pond_a, serial_bayou_pond_d,
          serial_bayou_ford_a, serial_bayou_shore_a, serial_bayou_crossing,
          serial_bayou_pond_e, uniq_terence

Skill      XL: |  1  2  3 |
---------------+----------+-----
Dodging        | 2 |  2.0
Shields        | 1 |  1.0
Fighting       | |  1.7
Unarmed Combat | |  3.5
Spellcasting   | |  2.2
Transmutations | |  2.6

Action                   || total
-------------------------++-------
Melee: Unarmed           ||    37
       Tailslap          ||    17
       Short sword       ||   150
  Use: Potion            ||     3
 Stab: Distracted        ||     1
Armor: Skin              ||    72
Dodge: Dodged            ||   133
Block: Buckler           ||    17
